 Dungeon Crawl Stone Soup version 0.19.5 (webtiles) character file.

47 strmesko the Magician (level 3, -3/19 HPs)
             Began as a Deep Elf Wizard on Apr 8, 2017.
             Slain by a phantom (7 damage)
             ... on level 2 of the Dungeon.
             The game lasted 00:07:25 (1484 turns).

strmesko the Magician (Deep Elf Wizard)             Turns: 1484, Time: 00:07:26

Health: -3/19      AC:  2    Str:  4    XL:     3   Next: 48%
Magic:  1/12       EV: 13    Int: 23    God:
Gold:   126        SH:  0    Dex: 13    Spells: 5 memorised, 3 levels left

rFire  . . .     SeeInvis .     i - +0 dagger
rCold  . . .     Gourm    .     a - +0 robe
rNeg   . . .     Faith    .     (no shield)
rPois  .         Spirit   .     b - +0 hat
rElec  .         Reflect  .     (no cloak)
rCorr  .         Harm     .     (no gloves)
MR     .....                    (no boots)
Stlth  ++........               (no amulet)
                                (no ring)
                                (no ring)

@: no status effects
A: no striking features
a: no special abilities


You were on level 2 of the Dungeon.
You were hungry.

You visited 1 branch of the dungeon, and saw 3 of its levels.

You collected 126 gold pieces.

Inventory:

Hand Weapons
 i - a +0 dagger (weapon)
Armour
 a - a +0 robe (worn)
 b - a +0 hat (worn)
Scrolls
 h - 2 scrolls of remove curse {unknown}
 j - a scroll of blinking {unknown}
 k - a scroll of fog {unknown}
 n - 2 scrolls of identify {unknown}
Potions
 e - a potion of berserk rage {unknown}
 f - a potion of curing {unknown}
 m - a potion of heal wounds {unknown}
 o - a potion of flight {unknown}
Books
 c - a book of Minor Magic

   Spells                             Type                      Level
   a - Magic Dart                     Conjuration                  1
   b - Blink                          Translocation                2
   c - Call Imp                       Summoning                    2
   d - Repel Missiles                 Charms/Air                   2
   e - Slow                           Hexes                        2
   f - Conjure Flame                  Conjuration/Fire             3
   g - Mephitic Cloud                 Conjuration/Poison/Air       3
Comestibles
 d - 3 bread rations
 g - 2 meat rations


   Skills:
 - Level 2.4 Dodging
 - Level 2.4 Stealth
 - Level 6.0 Spellcasting
 + Level 1.9 Conjurations
   Level 1.1 Summonings
 - Level 1.1 Translocations


You had 3 spell levels left.
You knew the following spells:

 Your Spells              Type           Power        Failure   Level  Hunger
a - Magic Dart            Conj           ###.         4%          1    None
b - Blink                 Tloc           N/A          10%         2    None
c - Repel Missiles        Chrm/Air       #.....       14%         2    None
d - Conjure Flame         Conj/Fire      ##......     21%         3    #......
e - Mephitic Cloud        Conj/Pois/Air  #.......     21%         3    #......


Dungeon Overview and Level Annotations

Branches:
Dungeon (3/15)

Altars:


Message History

You barely miss the phantom.
The phantom is moderately damaged.
The phantom blinks!
You hit the rat but do no damage. The rat misses you.
Casting: Magic Dart
Confirm with . or Enter, or press ? or * to list all spells.
Aiming: Magic Dart
Press: ? - help, Shift-Dir - straight line, f/p - phantom
Aim: a phantom (moderately damaged)
The magic dart hits the rat.
You kill the rat!
Casting: Magic Dart
Confirm with . or Enter, or press ? or * to list all spells.
Aiming: Magic Dart
Press: ? - help, Shift-Dir - straight line, f/p - phantom
Aim: a phantom (moderately damaged)
The magic dart hits the phantom.
The phantom is moderately damaged.
The phantom hits you!
You die...

### #.##.# #...................
).# #.##.# ####..............##
..# #.##.# ###..#..##..##.#
..###.##.##########..#..##..##.#
..+..................#..##..##.#
..###.##....................##.##
..# #............................
..# #..........#.####...#.####.##
..# #.########.#@# ##..#.####.#
#####.# ##.#W#####..#r.....#
......# #..........>#......##
.###### #..#.#####'##........ .#
#..#...##..........## .#
#..+......r........# .#
##.#...............# .#
#.#...............# .#
#.#.#..W.......[..#


You could see a phantom.

Vanquished Creatures
  An adder (D:2)
  A worm (D:2)
  A dart slug (D:1)
  3 leopard geckos
  5 bats
  A giant cockroach (D:1)
  7 goblins
  2 hobgoblins (D:1)
  2 quokkas (D:2)
  2 frilled lizards (D:1)
  2 kobolds (D:1)
  2 rats
29 creatures vanquished.

Notes
Turn   | Place    | Note
-------+----------+-------------------------------------------
     0 | D:1      | strmesko the Deep Elf Wizard began the quest for the Orb.
     0 | D:1      | Reached XP level 1. HP: 10/10 MP: 7/7
   198 | D:1      | Reached skill level 5 in Spellcasting
   244 | D:1      | Reached XP level 2. HP: 15/15 MP: 2/10
   615 | D:2      | Learned a level 2 spell: Blink
   618 | D:2      | Learned a level 2 spell: Repel Missiles
   830 | D:2      | Reached XP level 3. HP: 19/19 MP: 9/12
   835 | D:2      | Learned a level 3 spell: Conjure Flame
   839 | D:2      | Learned a level 3 spell: Mephitic Cloud
  1125 | D:2      | Reached skill level 6 in Spellcasting
  1422 | D:3      | Noticed a phantom
  1484 | D:2      | Slain by a phantom

Skill      XL: |  1  2  3 |
---------------+----------+-----
Spellcasting   | 5 6 |  6.0
Dodging        | |  2.4
Stealth        | |  2.4
Conjurations   | |  1.9
Summonings     | |  1.1
Translocations | |  1.1

Action                   || total
-------------------------++-------
Melee: Dagger            ||     9
 Cast: Magic Dart        ||    83
       Blink             ||     2
       Conjure Flame     ||     1
 Stab: Sleeping          ||     3
  Eat: Chunk             ||     1
Dodge: Dodged            ||    10
